 Dungeon Crawl Stone Soup version 0.31-a0-865-g3d5d91748a (webtiles) character file.

Game seed: 13363714125363960672

3 MachoJfn the Sneak (level 1, -3/18 HPs)
             Began as a Merfolk Delver on Oct 10, 2023.
             Was an Initiate of Ru.
             Slain by a phantom (5 damage)
             ... on level 5 of the Dungeon.
             The game lasted 00:00:50 (67 turns).

MachoJfn the Sneak (Merfolk Delver)                   Turns: 67, Time: 00:00:51

Health: -3/18      AC:  3    Str: 12    XL:     1   Next: 50%
Magic:  1/1        EV: 12    Int:  9    God:    Ru [......]
Gold:   0          SH:  0    Dex: 15    Spells: 0/0 levels left

rFire   . . .        a - +0 spear
rCold   . . .        (no shield)
rNeg    . . .        b - +0 leather armour
rPois   .            (no helmet)
rElec   .            (no cloak)
rCorr   .            (no gloves)
SInv    .            (no boots)
Will    .....        (no amulet)
Stlth   +++          (no ring)
HPRegen 0.23/turn    (no ring)
MPRegen 0.07/turn

%: no passive effects
@: no status effects
A: (nimble swimmer 2), mertail
a: Renounce Religion


You were on level 5 of the Dungeon.
You worshipped Ru.
Ru was noncommittal.
You visited 1 branch of the dungeon, and saw 1 of its levels.

Inventory:

Hand Weapons
 a - a +0 spear (weapon)
Armour
 b - a +0 leather armour (worn)
Wands
 g - a wand of digging (3)
Scrolls
 c - a scroll of fog
 e - a scroll of fear
Potions
 f - a potion of haste


   Skills:
 + Level 3.3 Fighting
 + Level 2.7 Polearms
 + Level 2.7 Dodging
 + Level 5.6 Stealth


You couldn't memorise any spells.
You didn't know any spells.
Your spell library was empty.

Dungeon Overview and Level Annotations

Branches:
Dungeon (5/15)
 Temple: D:4-7

Altars:
Ru


Innate Abilities, Weirdness & Mutations

((You are very nimble when in or above water. (Stealth+, EV+, Speed+++)))
Your lower body shifts to a powerful aquatic tail in water.


Message History

Aim: a phantom (about 47% to evade your +0 spear)
You hit the phantom.
The phantom is lightly damaged.
The phantom closely misses you.
Reach: a) +0 spear
Press: ? - help, Dir - move target, f/p - phantom
Aim: a phantom (lightly damaged, about 47% to evade your +0 spear)
You miss the phantom.
The phantom is lightly damaged.
The phantom hits you but does no damage.
Reach: a) +0 spear
Press: ? - help, Dir - move target, f/p - phantom
Aim: a phantom (lightly damaged, about 47% to evade your +0 spear)
You hit the phantom.
The phantom is moderately damaged.
The phantom barely misses you.
Reach: a) +0 spear
Press: ? - help, Dir - move target, f/p - phantom
Aim: a phantom (moderately damaged, about 47% to evade your +0 spear)
You hit the phantom.
The phantom is moderately damaged.
The phantom hits you.
The phantom blinks!
You blink.
An iguana comes into view.
Reach: a) +0 spear
Press: ? - help, Dir - move target, f/p - phantom
Aim: a phantom (moderately damaged, about 47% to evade your +0 spear)
You hit the phantom but do no damage.
The phantom is moderately damaged.
The iguana hisses angrily.
The phantom hits you. The hound closely misses you.
Reach: a) +0 spear
Press: ? - help, Dir - move target, f/p - phantom
Aim: a phantom (moderately damaged, about 47% to evade your +0 spear)
You barely miss the phantom.
The phantom is moderately damaged.
The hound closely misses you. The jelly hits you.
You are splashed with acid!
Ouch! That really hurt!
* * * LOW HITPOINT WARNING * * *
The phantom hits you.
You die...

#.#...#...#.# *,* *,* *,
#.'#######'.### *,* *,* **,
#....# #......###*,* *,* *,,
#.#### ######...#*,* *,* *,*
#.###### ###.#*,# *,* *,*
.......# ##.##.# *,* *,*
..####.#*#####...#.# *,* *,*
### *,,,......Jh..#####**,*
*,* ******#...W@....l..,,,*
*<*
***********##.....######****
*,, ,,,,,,,,,........##***
*,* *********######...,,,*
*** *,, ##.#**,*****,** ***
#.# *,,,,,,*,* *
#.#**,*****,** * #..,,,* *,*
***,*** *,******


You could see a phantom, an iguana, a hound and a jelly.

Vanquished Creatures
  A ball python (D:5)
  A bat (D:5)
  A frilled lizard (D:5)
  A kobold (D:5)
4 creatures vanquished.

Notes
Turn   | Place    | Note
-------+----------+-------------------------------------------
     0 | D:5      | MachoJfn the Merfolk Delver began the quest for the Orb.
     0 | D:5      | Reached XP level 1. HP: 18/18 MP: 1/1
    18 | D:5      | Found a sacrificial altar of Ru.
    42 | D:5      | Became a worshipper of Ru the Awakened
    52 | D:5      | Noticed a phantom
    53 | D:5      | Noticed a hound
    56 | D:5      | Noticed a jelly
    65 | D:5      | Noticed an iguana
    67 | D:5      | Slain by a phantom

Illustrated notes

Levels and vault maps discovered:
D:5:      layout_loops_ring, grunt_gozag_statues,
          nicolae_ru_great_annihilating_truth, mainiacjoe_overflow_24_doors,
          enter_ossuary_4, chequers_serial_rivers_micro_e, uniq_prince_ribbit1

Action                     || total
---------------------------++-------
  Melee: Spear             ||    24
    Use: Scroll            ||     1
   Stab: Paralysed         ||     1
 Armour: Leather armour    ||    10
  Dodge: Dodged            ||    16

Table legend: (Time is in decaauts)
 A = Elapsed time spent in this place.
 B = Non-inter-level travel time spent in this place.
 C = Inter-level travel time spent in this place.
 D = Time resting spent in this place.
 E = Time spent auto-exploring this place.
 F = Levels seen in this place.
 G = Mean time per level.
                   A        B        C        D        E       F      G
               +--------+--------+--------+--------+--------+-----+--------+
         Total |     66 |     66 |      0 |      0 |     26 |   1 |   66.0 |
       Dungeon |     66 |     66 |      0 |      0 |     26 |   1 |   66.0 |
               +--------+--------+--------+--------+--------+-----+--------+

Top non-repeatable levels by time:
     D:5: 66 daAuts
